 Dungeon Crawl Stone Soup version 0.28.0-45-g0d030f2227 (webtiles) character file.

Game seed: 8879441939936096176

20780 NinjaNoafa the Fighter (level 12, -1/106 HPs)
             Began as a Yellow Draconian Berserker on Apr 13, 2022.
             Was a High Priest of Trog.
             Slain by an orc warrior
             ... wielding a +0 war axe
              (14 damage)
             ... on level 12 of the Dungeon.
             The game lasted 00:42:31 (16087 turns).

NinjaNoafa the Fighter (DrBe)                      Turns: 16087, Time: 00:42:33

Health: -1/106     AC: 15    Str: 27    XL:     12   Next: 48%
Magic:  12/12      EV: 15    Int:  9    God:    Trog [*****.]
Gold:   138        SH:  8    Dex: 14    Spells: 11/11 levels left

rFire   . . .      SeeInvis .   a - +5 hand axe (venom)
rCold   + + .      Faith    +   U - +3 buckler {rC+}
rNeg    . . .      Spirit   .   (armour unavailable)
rPois   .          Reflect  .   (helmet restricted)
rElec   .          Harm     .   Y - +0 cloak
rCorr   +          Rampage  .   (no gloves)
Will    ++...                   s - +1 pair of boots of Fenesemp {Str+4 Dex+3}
Stlth   +.........              H - amulet of faith
HPRegen 1.27/turn               R - +4 ring of protection
MPRegen 0.13/turn               P - +4 ring of slaying

@: strong-willed, regenerating, studying Bows
A: spit acid, AC +8, unfitting armour, cold-blooded, acid resistance, cold
resistance 1
a: Breathe Acid, Renounce Religion, Berserk, Trog's Hand, Brothers in Arms


You were on level 12 of the Dungeon.
You worshipped Trog.
Trog was extremely pleased with you.
You visited 1 branch of the dungeon, and saw 12 of its levels.

You collected 792 gold pieces.
You spent 654 gold pieces at shops.

Inventory:

Hand Weapons
 a - a +5 hand axe of venom (weapon)
 b - a +4 hunting sling
 c - a +0 shortbow of freezing
 C - the +3 dire flail "Fenuit" {venom, rC- Will+ Int+4}
   (You took it off an ogre on level 7 of the Dungeon)

   It poisons the flesh of those it strikes.
   Int:       It affects your intelligence (+4).
   rC:        It makes you vulnerable to cold.
   Will:      It increases your willpower.
 J - a +5 scimitar
 T - a +2 long sword of holy wrath
Missiles
 l - 45 poisoned darts (quivered)
 u - 6 atropa-tipped darts
 w - 81 stones
 x - 10 sling bullets
 z - 4 throwing nets
 G - 5 boomerangs
 M - 72 arrows
Armour
 s - the +1 pair of boots of Fenesemp (worn) {Str+4 Dex+3}
   (You found it on level 5 of the Dungeon)

   Str:       It affects your strength (+4).
   Dex:       It affects your dexterity (+3).
 Q - a +2 pair of boots of rampaging
 U - a +3 buckler of cold resistance (worn)
 Y - a +0 cloak (worn)
Jewellery
 f - a ring of protection from cold
 g - a ring of positive energy
 n - a ring of see invisible
 F - a +4 ring of evasion
 H - an amulet of faith (around neck)
 O - a ring of poison resistance
 P - a +4 ring of slaying (right hand)
 R - a +4 ring of protection (left hand)
Wands
 t - a wand of flame (13)
 v - a wand of mindburst (3)
 y - a wand of paralysis (12)
 A - a wand of polymorph (2)
 E - a wand of charming (3)
Scrolls
 e - 2 scrolls of fear
 h - a scroll of vulnerability
 j - 4 scrolls of amnesia
 k - a scroll of silence
 m - a scroll of fog
 p - 3 scrolls of magic mapping
 L - 2 scrolls of holy word
 N - 3 scrolls of immolation
 W - 2 scrolls of noise
 Z - 2 scrolls of teleportation
Potions
 o - 3 potions of lignification
 q - a potion of flight
 I - 3 potions of haste
 V - 2 potions of curing
 X - a potion of cancellation
Miscellaneous
 d - a phantom mirror (inert)
 i - a phial of floods
 r - a phial of floods


   Skills:
 - Level 10.0 Fighting
 - Level 6.0 Long Blades
 + Level 7.2 Axes
 + Level 7.5(8.0) Slings
 - Level 8.0 Bows
 - Level 4.0(6.2) Throwing
 + Level 8.9 Dodging
 + Level 3.8 Shields
 + Level 8.0 Evocations


You had 11 spell levels left.
You didn't know any spells.
Your spell library was empty.

Dungeon Overview and Level Annotations

Branches:
Dungeon (12/15)            Temple (0/1) D:5            Lair (0/6) D:9
    Orc (0/2) D:11

Altars:
Hepliaklqana
Kikubaaqudgha
Nemelex Xobeh
Qazlal
Uskayaw
Vehumet
Wu Jian
Xom
Zin
The Shining One
Beogh

Shops:
D:4 =   D:5 *   D:11 [(=

Annotations:
D:9 Zeor's ghost, novice VSBr
D:11 2 runed translucent doors, pkoi's ghost, journeyman SpAE


Innate Abilities, Weirdness & Mutations

You can spit globs of acid.
Your golden yellow scales are hard. (AC +8)
You cannot fit into any form of body armour.
You are cold-blooded and may be slowed by cold attacks.
You are resistant to acid. (rCorr)
Your flesh is cold resistant. (rC+)


Message History

You hit the orc warrior.
The orc warrior is poisoned.
You tail-slap the orc warrior.
The orc warrior is almost dead.
You block the orc warrior's attack.
The orc priest casts a cantrip, but nothing happens.
You block the orc warrior's attack.
You slash the orc warrior!
You kill the orc warrior!
Trog accepts your kill. You block the orc warrior's attack.
Your Evocations skill increases to level 8!
You hit the orc warrior but do no damage.
The orc warrior is poisoned.
The orc warrior is heavily wounded.
The orc warrior barely misses you.
The orc warrior hits you with a +0 battleaxe!
* * * LOW HITPOINT WARNING * * *
You slash the orc warrior!
The orc warrior looks as sick as possible!
The orc warrior is almost dead.
You hear a shout!
You kill the orc warrior!
Trog accepts your kill. The orc warrior misses you.
Your skin crawls.
You feel strong-willed. The orc warrior closely misses you.
The orc warrior hits you with a +0 war axe!
* * * LOW HITPOINT WARNING * * *
The orc priest looks braver for a moment.
You closely miss the orc warrior.
Your tail-slap misses the orc warrior.
The orc warrior is heavily wounded.
You block the orc warrior's attack. The orc warrior closely misses you.
You hit the orc warrior but do no damage.
The orc warrior is poisoned.
The orc warrior is heavily wounded.
The orc warrior hits you from afar with a +0 glaive!
* * * LOW HITPOINT WARNING * * *
The orc warrior hits you with a +0 war axe!
You die...

รท######### ##.####
.........# ###.....#
.........###.......#
.........#...#.....#
.........#.###.....#
........>'.# #.....#
.........### #.....#
.........# #.))).#
.........# ###@###
##'####### #o# #.###


ooo #...# #### oooo# ####.#####..#ooooo# #......#...##..ooo# #........#.##.....#
#......###.##.....# #......# #..## You could see 3 orc warriors, an orc priest
and 12 orcs.

Vanquished Creatures
  Harold (D:7)
  2 boulder beetles
  3 hydras (D:12)
  A catoblepas (D:11)
  A centaur warrior (D:10)
  4 two-headed ogres
  The ghost of jimonade the Magician, a novice DgIE (D:7)
  An orc knight (D:11)
  An elephant (D:9)
  A manticore (D:11)
  3 cyclopes
  2 ugly things
  A gargoyle (D:12)
  Joseph (D:7)
  A troll (D:8)
  4 slime creatures (D:12)
  A shadow (D:11)
  2 wyverns
  A wraith (D:10)
  8 yaks
  2 steam dragons
  2 basilisks
  3 vampire mosquitoes (D:12)
  An acid dragon (D:12)
  2 water moccasins
  A sky beast (D:7)
  An ice beast (D:7)
  14 orc warriors
  2 black bears
  5 ogres
  2 necrophages
  2 centaurs
  2 kobold brigands
  5 phantoms
  Blork the orc (D:6)
  4 bullfrogs
  2 gnoll sergeants (D:9)
  2 scorpions
  2 water moccasin skeletons
  6 wights
  5 howler monkeys
  4 centaur zombies
  A bullfrog zombie (D:5)
  3 centaur skeletons
  3 hounds
  6 orc priests
  A bullfrog skeleton (D:6)
  Natasha (thrice) (D:2)
  An iguana (D:4)
  A scorpion zombie (D:5)
  12 orc wizards
  A hound skeleton (D:4)
  2 howler monkey zombies
  7 gnolls
  8 adders
  2 white imps
  An ufetubus (D:4)
  A worm (D:3)
  2 dart slugs
  29 orcs
  5 bats
  8 endoplasms
  4 giant cockroaches
  11 goblins
  9 hobgoblins
  3 jackals (D:2)
  12 kobolds
  A quokka (D:1)
  7 ball pythons
  3 frilled lizards (D:3)
  5 rats
262 creatures vanquished.

Vanquished Creatures (collateral kills)
  A slime creature (D:12)
1 creature vanquished.

Vanquished Creatures (others)
  38 plants
38 creatures vanquished.

Grand Total: 301 creatures vanquished

Notes
Turn   | Place    | Note
-------+----------+-------------------------------------------
     0 | D:1      | NinjaNoafa the Draconian Berserker began the quest for the
                  | Orb.
     0 | D:1      | Reached XP level 1. HP: 19/19 MP: 1/1
   109 | D:1      | You fall into a shaft and drop 1 floor!
   141 | D:2      | Reached XP level 2. HP: 17/27 MP: 2/2
   407 | D:2      | Reached skill level 4 in Fighting
   652 | D:2      | Reached XP level 3. HP: 13/33 MP: 3/3
   857 | D:2      | Noticed Natasha
   865 | D:2      | Killed Natasha
  1018 | D:2      | Noticed Natasha
  1023 | D:2      | Killed Natasha
  1024 | D:2      | Reached XP level 4. HP: 33/41 MP: 4/4
  1127 | D:2      | Noticed Natasha
  1136 | D:2      | Killed Natasha
  1137 | D:2      | Reached skill level 5 in Fighting
  1596 | D:1      | Found a faded altar of an unknown god.
  2482 | D:3      | Reached ** piety under Trog
  2666 | D:3      | Reached skill level 1 in Axes
  2666 | D:3      | Reached XP level 5. HP: 48/48 MP: 5/5
  2914 | D:4      | Found Piqik's Jewellery Boutique.
  2919 | D:4      | Noticed a necrophage
  2932 | D:4      | Killed a necrophage
  2933 | D:4      | Reached skill level 1 in Throwing
  2933 | D:4      | Reached XP level 6. HP: 46/57 MP: 6/6
  3053 | D:4      | Found a glowing silver altar of Zin.
  3091 | D:4      | Found a hazy altar of Hepliaklqana.
  3354 | D:4      | Reached skill level 6 in Fighting
  3513 | D:4      | Noticed a water moccasin
  3526 | D:4      | Killed a water moccasin
  3527 | D:4      | Your scales start taking on a golden yellow colour.
  3527 | D:4      | Reached XP level 7. HP: 63/63 MP: 7/7
  3527 | D:4      | Gained mutation: You are resistant to acid. (rCorr) [Yellow
                  | Draconian growth]
  3711 | D:4      | Found an ornate altar of the Wu Jian Council.
  3711 | D:4      | Found a faded altar of an unknown god.
  3718 | D:4      | Found a stormy altar of Qazlal.
  3720 | D:4      | Found a hide-covered altar of Uskayaw.
  3722 | D:4      | Found a faded altar of an unknown god.
  3793 | D:4      | Reached *** piety under Trog
  4303 | D:5      | Entered Level 5 of the Dungeon
  4401 | D:5      | Found Toffeo's General Store.
  4501 | D:5      | Reached XP level 8. HP: 59/71 MP: 8/8
  4594 | D:5      | Identified the +1 pair of boots of Fenesemp {Str+4 Dex+3}
  4756 | D:5      | Reached skill level 5 in Dodging
  4841 | D:5      | Found a shimmering altar of Xom.
  4866 | D:5      | Found a radiant altar of Vehumet.
  4967 | D:5      | Reached skill level 1 in Slings
  4992 | D:5      | Found a staircase to the Ecumenical Temple.
  5058 | D:5      | Found a glowing golden altar of the Shining One.
  5076 | D:5      | Reached skill level 7 in Fighting
  5076 | D:5      | Reached skill level 1 in Evocations
  6135 | D:6      | Noticed Blork the orc
  6142 | D:6      | Killed Blork the orc
  6148 | D:6      | Found a sparkling altar of Nemelex Xobeh.
  6278 | D:7      | Reached XP level 9. HP: 79/79 MP: 9/9
  6551 | D:7      | Noticed Harold
  6568 | D:7      | Killed Harold
  6595 | D:7      | Reached skill level 8 in Fighting
  6796 | D:7      | Noticed Joseph
  6808 | D:7      | Killed Joseph
  6809 | D:7      | Reached skill level 5 in Long Blades
  6941 | D:7      | Found a transporter.
  6942 | D:7      | Identified the +3 dire flail "Fenuit" {venom, rC- Will+
                  | Int+4}
  6946 | D:7      | Noticed jimonade's ghost (novice DgIE)
  7076 | D:7      | Found a transporter.
  7077 | D:7      | Gained mutation: Your spells are a little harder to cast,
                  | but a little more powerful. [potion of mutation]
  7077 | D:7      | Lost mutation: Your spells are a little harder to cast, but
                  | a little more powerful. [potion of mutation]
  7077 | D:7      | Gained mutation: Your flesh is cold resistant. (rC+)
                  | [potion of mutation]
  7085 | D:7      | Reached skill level 5 in Evocations
  7093 | D:7      | Reached **** piety under Trog
  7105 | D:7      | Killed jimonade's ghost
  7106 | D:7      | Reached XP level 10. HP: 38/90 MP: 10/10
  7373 | D:8      | Reached skill level 9 in Fighting
  8103 | D:8      | Reached skill level 5 in Slings
  8127 | D:8      | Reached skill level 5 in Axes
  8701 | D:9      | Noticed an elephant
  8729 | D:9      | Killed an elephant
  8881 | D:9      | Found a staircase to the Lair.
  9080 | D:9      | Found a runed translucent door.
  9104 | D:9      | Found a transporter.
  9105 | D:9      | Found a transporter.
  9105 | D:9      | Noticed a boulder beetle
  9329 | D:9      | Reached skill level 1 in Bows
  9833 | D:9      | Reached ***** piety under Trog
  9834 | D:9      | Reached XP level 11. HP: 79/97 MP: 11/11
 10140 | D:9      | Noticed a two-headed ogre
 10153 | D:9      | Killed a two-headed ogre
 10367 | D:9      | Found a shimmering altar of Xom.
 10367 | D:9      | Noticed Zeor's ghost (novice VSBr)
 10367 | D:9      | Noticed a +1 halberd of chaos
 10608 | D:9      | Killed a boulder beetle
 10924 | D:10     | Entered Level 10 of the Dungeon
 10957 | D:10     | Noticed a two-headed ogre
 10964 | D:10     | Killed a two-headed ogre
 10965 | D:10     | Reached skill level 10 in Fighting
 10965 | D:10     | Reached skill level 5 in Bows
 11054 | D:10     | Noticed a two-headed ogre
 11069 | D:10     | Killed a two-headed ogre
 11448 | D:10     | Found an ancient bone altar of Kikubaaqudgha.
 11744 | D:10     | Noticed a centaur warrior
 12856 | D:11     | Found Ceyjeseng's Jewellery Boutique.
 12871 | D:11     | Bought an amulet of faith for 440 gold pieces
 12889 | D:11     | Noticed an orc knight
 12900 | D:11     | Noticed a catoblepas
 12905 | D:11     | Killed an orc knight
 13225 | D:10     | Killed a centaur warrior
 13566 | D:11     | Found Xaithreg's Armour Emporium.
 13573 | D:11     | Found a staircase to the Orcish Mines.
 13579 | D:11     | Found Tomitwoj's Weapon Emporium.
 13583 | D:11     | Bought a +1 buckler of cold resistance for 214 gold pieces
 13808 | D:11     | Found a large runed translucent door.
 13831 | D:11     | Found a large runed translucent door.
 13837 | D:11     | Noticed pkoi's ghost (journeyman SpAE)
 13885 | D:11     | Noticed a cyan ugly thing
 13899 | D:11     | Killed a cyan ugly thing
 13900 | D:11     | Reached skill level 1 in Shields
 14357 | D:11     | Killed a catoblepas
 14752 | D:12     | Noticed a four-headed hydra
 14760 | D:12     | Killed a four-headed hydra
 14761 | D:12     | Reached XP level 12. HP: 106/106 MP: 12/12
 14795 | D:12     | Noticed a boulder beetle
 14811 | D:12     | Killed a boulder beetle
 14968 | D:12     | Noticed an eight-headed hydra
 14974 | D:12     | Killed an eight-headed hydra
 15311 | D:12     | Noticed a two-headed ogre
 15336 | D:12     | Killed a two-headed ogre
 15642 | D:12     | Noticed a four-headed hydra
 15652 | D:12     | Killed a four-headed hydra
 16087 | D:12     | Slain by an orc warrior

Illustrated notes

Levels and vault maps discovered:
D:1:      co_arrival_hall_of_pillars, layout_loops_ring,
          chequers_ecumenical_altar_simple_redux
D:2:      layout_basic, serial_bayou_ford_a, uniq_natasha
D:3:      layout_basic, serial_bayou, serial_bayou_pond_b, serial_bayou_shore_b,
          serial_bayou_shore_b, serial_bayou_lagoon_a
D:4:      minmay_razor_zed, layout_rooms, mainiacjoe_overflow_two_lobes,
          chequers_temple_overflow_minitemple, serial_shops,
          nicolae_stop_n_shop_1
D:5:      layout_loops_corners, kennysheep_mini_moat, old_standard_altar,
          mainiacjoe_overflow_brackets, minmay_temple_entry_statues_fountains,
          serial_shops, nicolae_lakefront_shop, nicolae_zen_rock_garden
D:6:      layout_basic, kennysheep_little_box, uniq_blork_the_orc
D:7:      layout_rooms, gammafunk_ghost_smash, uniq_joseph, uniq_harold
D:8:      layout_cave_pools, minmay_manual_mail
D:9:      gammafunk_boulding_lane, layout_irregular_city, david_lair_generic,
          ebering_ghost_xom, minmay_fractal_squares_gapless_5
D:10:     layout_rooms, kiku_gazebo_pond_becter
D:11:     layout_grid_maze, orc_david_3, ebering_ghost_disaster_area,
          serial_shops, shop_statue
D:12:     layout_roguey, special_room [special_room_orc], eino_tiny_chamber

Skill      XL: |  1  2  3  4  5  6  7  8  9 10 11 12 |
---------------+-------------------------------------+-----
Dodging        | 3 4 5 6 7 8 |  8.9
Fighting       | 4 5 6 7 8 9 10 | 10.0
Axes           | 1 2 3 4 5 6 7 |  7.2
Throwing       | 1 2 4 |  4.0
Slings         | 3 4 6 7 |  7.5
Evocations     | 2 5 7 8 |  8.0
Long Blades    | 5 6 |  6.0
Bows           | 2 8 |  8.0
Shields        | 2 3 |  3.8

Action                   |  1- 3 |  4- 6 |  7- 9 | 10-12 || total
-------------------------+-------+-------+-------+-------++-------
Melee: Falchion          |    41 |    19 |       |       ||    60
       Tailslap          |     6 |    11 |    35 |    60 ||   112
       Hand axe          |       |   142 |   142 |   243 ||   527
       Punch             |       |     3 |     5 |     4 ||    12
       Scimitar          |       |       |    87 |    73 ||   160
       Dire flail        |       |       |       |     2 ||     2
       Long sword        |       |       |       |     3 ||     3
 Fire: Hunting sling     |       |       |    24 |   178 ||   202
       Shortbow          |       |       |       |    30 ||    30
Throw: Dart              |       |    25 |     1 |     1 ||    27
Invok: Berserk           |     1 |       |     1 |     1 ||     3
       Trog's Hand       |       |       |       |     5 ||     5
 Abil: Breathe Acid      |       |       |     2 |     7 ||     9
Evoke: Wand              |       |       |     1 |    19 ||    20
       Phial of floods   |       |       |       |     1 ||     1
       Phantom mirror    |       |       |       |     1 ||     1
  Use: Potion            |       |     5 |     6 |     8 ||    19
       Scroll            |       |     2 |       |    24 ||    26
 Stab: Sleeping          |     2 |       |       |       ||     2
       Paralysed         |       |       |       |     5 ||     5
Armor: Skin              |    19 |    78 |    97 |   174 ||   368
Dodge: Dodged            |    26 |   120 |   165 |   372 ||   683
Block: Buckler           |       |       |       |    36 ||    36
